 Dungeon Crawl Stone Soup version 0.26.0-10-g1f06aea511 (webtiles) character file.

Game seed: 13132355319808990653

467 Borgoz the Skirmisher (level 7, 0/60 HPs)
             Began as a Ghoul Gladiator on Jan 15, 2021.
             Slain by a sky beast (2 damage)
             ... on level 5 of the Dungeon.
             The game lasted 00:03:35 (3219 turns).

Borgoz the Skirmisher (Ghoul Gladiator)             Turns: 3219, Time: 00:03:36

Health: 0/60       AC:  4    Str: 18    XL:     7   Next: 8%
Magic:  6/6        EV: 13    Int:  3    God:
Gold:   194        SH:  0    Dex: 12    Spells: 6/6 levels left

rFire    . . .     SeeInvis .   a - +0 long sword
rCold    + . .     Faith    .   (no shield)
rNeg     + + +     Spirit   .   b - +0 leather armour
rPois    ∞         Reflect  .   c - +0 helmet
rElec    .         Harm     .   (no cloak)
rCorr    .         Rampage  .   (no gloves)
Will     .....                  (no boots)
Stlth    +.........             (no amulet)
HPRegen  0.00/turn              (no ring)
MPRegen  0.10/turn              (no ring)

@: attractive, flying
A: claws 1, cold resistance 1, negative energy resistance 3, inhibited
regeneration, torment resistance, unbreathing
a: no special abilities


You were on level 5 of the Dungeon.
You visited 1 branch of the dungeon, and saw 4 of its levels.

You collected 194 gold pieces.

Inventory:

Hand Weapons
 a - a +0 long sword (weapon)
Missiles
 d - 3 throwing nets (quivered)
Armour
 b - a +0 leather armour (worn)
 c - a +0 helmet (worn)
Jewellery
 f - an uncursed ring of flight {unknown}
 p - an uncursed ring of resist corrosion {unknown}
Wands
 u - a wand of iceblast (10)
Scrolls
 g - 7 scrolls of identify {unknown}
 h - 2 scrolls of teleportation {unknown}
 i - 2 scrolls of magic mapping {unknown}
 l - 4 scrolls of amnesia {unknown}
 m - 2 scrolls of enchant weapon {unknown}
 r - a scroll of remove curse {unknown}
 t - a scroll of fog {unknown}
Potions
 e - 2 potions of curing
 j - a potion of flight
 k - 2 potions of heal wounds {unknown}
 n - a potion of brilliance {unknown}
 o - a potion of degeneration {unknown}
 q - a potion of attraction
 s - a potion of haste {unknown}


   Skills:
 + Level 4.4 Fighting
 + Level 4.2 Long Blades
 + Level 3.6 Throwing
 + Level 4.2 Dodging


You had 6 spell levels left.
You didn't know any spells.
Your spell library was empty.

Dungeon Overview and Level Annotations

Branches:
Dungeon (3/15)

Altars:
Nemelex Xobeh
Ru


Innate Abilities, Weirdness & Mutations

You thrive by killing the living.
You are immune to poison.
You have sharp fingernails.
Your flesh is cold resistant. (rC+)
You are immune to negative energy. (rN+++)
You do not regenerate when monsters are visible.
You are immune to unholy pain and torment.
You can survive without breathing.


Message History

* * * LOW HITPOINT WARNING * * *
It was a potion of curing.
You feel better. The sky beast closely misses you.
It was a potion of attraction.
You feel attractive to monsters. The sky beast hits you.
* * * LOW HITPOINT WARNING * * *
The sky beast shocks you.
* * * LOW HITPOINT WARNING * * *
You barely miss the sky beast.
The sky beast is heavily wounded.
The sky beast hits you but does no damage.
You hit the sky beast but do no damage.
The sky beast is heavily wounded.
The sky beast hits you but does no damage.
You slash the sky beast!
The sky beast is almost dead.
The sky beast barely misses you.
The sky beast flickers out of sight!
Deactivating autopickup; reactivate with Ctrl-A.
Something hits you.
You die...

### #.##.. #. .. #.##..
#. ###. ##..[..
#.###...#####..#... .
##.#............##..
#.###.............#.##..
#....#.###........#.#...
#...{######....#.#...
#.@..###..#..#.#...
##....##.##........
##.(....#..#.#...# #
###.........##.#...# #.
###...................
#.##...##............##..
#..#.######..#.###..##...
#.#)# #....# #.......
##...######.#...##....#..


There were no monsters in sight!

Vanquished Creatures
  Sigmund (D:2)
  A bullfrog (D:5)
  Crazy Yiuf (D:2)
  3 orc wizards (D:5)
  An iguana (D:5)
  3 adders
  2 worms
  2 dart slugs (D:1)
  2 leopard geckos
  5 orcs (D:5)
  2 ball pythons
  5 giant cockroaches
  9 goblins
  5 hobgoblins
  A quokka (D:5)
  13 bats
  8 frilled lizards
  7 kobolds
  7 rats
78 creatures vanquished.

Notes
Turn   | Place    | Note
-------+----------+-------------------------------------------
     0 | D:1      | Borgoz the Ghoul Gladiator began the quest for the Orb.
     0 | D:1      | Reached XP level 1. HP: 17/17 MP: 0/0
   213 | D:1      | Reached XP level 2. HP: 24/25 MP: 1/1
   529 | D:1      | Reached XP level 3. HP: 30/30 MP: 2/2
   857 | D:2      | Found a sacrificial altar of Ru.
   982 | D:2      | Found a sparkling altar of Nemelex Xobeh.
  1272 | D:2      | Reached XP level 4. HP: 37/37 MP: 3/3
  1453 | D:2      | Found a runed translucent door.
  1454 | D:2      | Noticed Crazy Yiuf
  1872 | D:2      | Noticed Sigmund
  1883 | D:2      | Killed Sigmund
  1884 | D:2      | Reached XP level 5. HP: 9/46 MP: 4/4
  2376 | D:2      | Killed Crazy Yiuf
  2377 | D:2      | Reached XP level 6. HP: 47/52 MP: 5/5
  2451 | D:3      | Found a faded altar of an unknown god.
  2651 | D:3      | You fall into a shaft and drop 2 floors!
  2651 | D:5      | Entered Level 5 of the Dungeon
  3023 | D:5      | Reached XP level 7. HP: 56/60 MP: 6/6
  3214 | D:5      | HP: 1/60 [sky beast (5)]
  3219 | D:5      | Slain by a sky beast

Illustrated notes

Levels and vault maps discovered:
D:1:      dpeg_arrival_rooms_a, layout_basic, minmay_misc_feat_iff,
          ebering_dispersal_statue_hall, chequers_serial_rivers_micro_a
D:2:      layout_basic, grunt_temple_overflow_open, uniq_sigmund,
          uniq_crazy_yiuf_cottage
D:3:      layout_rooms, chequers_ecumenical_altar_twisty
D:5:      layout_rooms

Skill      XL: |  1  2  3  4  5  6 |
---------------+-------------------+-----
Throwing       | 2 3 |  3.6
Dodging        | 3 4 |  4.2
Long Blades    | 3 4 |  4.2
Fighting       | 3 4 |  4.4

Action                   |  1- 3 |  4- 6 |  7- 9 || total
-------------------------+-------+-------+-------++-------
Melee: Long sword        |   125 |   104 |    31 ||   260
  Use: Potion            |       |       |     3 ||     3
 Stab: Sleeping          |     1 |       |       ||     1
Armor: Leather armour    |    51 |    33 |    17 ||   101
Dodge: Dodged            |   106 |    80 |    13 ||   199
       Rpst.: Long sword |    33 |    26 |       ||    59
